 Dungeon Crawl Stone Soup version 0.22-a0-113-gdd6f4a9 (webtiles) character file.

23 Gorice the Conjurer (level 2, -6/26 HPs)
             Began as a Hill Orc Wanderer on Jan 28, 2018.
             Mangled by a phantom (10 damage)
             ... on level 2 of the Dungeon.
             The game lasted 00:06:29 (1081 turns).

Gorice the Conjurer (Hill Orc Wanderer)             Turns: 1081, Time: 00:06:30

Health: -6/26      AC:  2    Str: 14    XL:     2   Next: 95%
Magic:  5/5        EV: 11    Int: 13    God:
Gold:   76         SH:  0    Dex:  9    Spells: 5/5 levels left

rFire    . . .     SeeInvis .   a - +0 spear
rCold    . . .     Gourm    .   (no shield)
rNeg     . . .     Faith    .   e - +0 robe
rPois    .         Spirit   .   (no helmet)
rElec    .         Reflect  .   (no cloak)
rCorr    .         Harm     .   (no gloves)
MR       .....     Rnd*Tele +   (no boots)
Stlth    +.........             (no amulet)
HPRegen  0.08/turn              d - ring of teleportation (curse)
MPRegen  0.09/turn              (no ring)

@: no status effects
A: no striking features
a: no special abilities


You were on level 2 of the Dungeon.
You were not hungry.

You visited 1 branch of the dungeon, and saw 2 of its levels.

You collected 76 gold pieces.

Inventory:

Hand Weapons
 a - a +0 spear (weapon)
 b - a +0 blowgun
 j - a +0 dagger
Missiles
 c - 5 poisoned needles
 Y - 26 stones (quivered)
Armour
 e - a +0 robe (worn)
Jewellery
 d - a cursed ring of teleportation (left hand)
Scrolls
 g - a scroll of blinking {unknown}
 h - a scroll of remove curse {unknown}
 i - 2 scrolls of identify {unknown}
 l - 2 scrolls of random uselessness {unknown}
 m - a scroll of immolation {unknown}
 n - a scroll of noise {unknown}
 o - a scroll of magic mapping {unknown}
Books
 k - a book of Minor Magic
 B - the Incunabulum of Orientation

   Spells                             Type                      Level
   a - Shroud of Golubria             Charms/Translocation         2
   b - Blink                          Translocation                2
Comestibles
 f - 4 rations


   Skills:
 + Level 3.0 Fighting
 - Level 1.0 Throwing
 - Level 1.0 Stealth
 - Level 2.4 Spellcasting
   Level 3.0 Conjurations
   Level 1.0 Summonings
   Level 1.0 Translocations


You had 5 spell levels left.
You didn't know any spells.

Dungeon Overview and Level Annotations

Branches:
Dungeon (2/15)

Altars:


Message History

Aim: a phantom (lightly damaged)
You reach to attack!
You barely miss the phantom.
The phantom is lightly damaged.
The phantom hits you!
Damage: 7 (max 7)
You hit the phantom.
The phantom is lightly damaged.
The phantom misses you.
You hit the phantom.
The phantom is moderately damaged.
The phantom hits you.
* * * LOW HITPOINT WARNING * * *
Damage: 3 (max 7)
You closely miss the phantom.
The phantom is moderately damaged.
The phantom hits you.
* * * LOW HITPOINT WARNING * * *
Damage: 2 (max 7)
You barely miss the phantom.
The phantom is moderately damaged.
The phantom blinks!
Evoke which item? (* to show all) (? for menu, Esc to quit)
Okay, then.
The phantom blinks!
You see here a rat corpse.
All of the chunks of flesh in your inventory have rotted away.
There is an open door here.
Welcome back, Gorice the Hill Orc Wanderer.
Press ? for a list of commands and other information.
You see here a rat corpse.
You see here a poisoned needle.
You closely miss the phantom.
The phantom is moderately damaged.
The phantom hits you.
* * * LOW HITPOINT WARNING * * *
The phantom blinks!
Damage: 6 (max 6)
You see here a poisoned needle.
You are too injured to fight recklessly!
You are too injured to fight recklessly!
You hit the phantom.
The phantom is moderately damaged.
The phantom barely misses you.
You hit the phantom.
The phantom is heavily damaged.
The phantom blinks!
You hit the phantom but do no damage.
The phantom is heavily damaged.
The phantom barely misses you. The phantom hits you!
You die...

# ##+# .# ##...## #.#
##.....## ##..#
##.......## ##.#.####
#.........###..W....##
+.........'†.(@.......
#.........###....#..##
#.......## #.#.....#
.#.....## #.####..#
##...## #.# .# ##'##
#.. # #.# ### #.#
##.##


You could see a phantom.

Vanquished Creatures
  A dart slug (D:1)
  A ball python (D:2)
  2 bats
  2 giant cockroaches (D:1)
  A goblin (D:1)
  2 hobgoblins (D:1)
  3 jackals (D:2)
  3 kobolds (D:1)
  4 rats
19 creatures vanquished.

Notes
Turn   | Place    | Note
-------+----------+-------------------------------------------
     0 | D:1      | Gorice the Hill Orc Wanderer began the quest for the Orb.
     0 | D:1      | Gorice set off with: a book of Minor Magic, the Incunabulum of Orientation, 13 poisoned needles, a +0 blowgun, a +0 robe, a ration
     0 | D:1      | Reached XP level 1. HP: 14/14 MP: 3/3
     0 | D:1      | Identified the Incunabulum of Orientation
   109 | D:1      | Reached skill level 1 in Fighting
   306 | D:1      | Reached XP level 2. HP: 24/24 MP: 5/5
   346 | D:1      | Reached skill level 2 in Fighting
  1048 | D:2      | Noticed a phantom
  1062 | D:2      | Reached skill level 3 in Fighting
  1077 | D:2      | HP: 3/26 [phantom (6)]
  1081 | D:2      | Mangled by a phantom

Vault maps used:
D:1:      dpeg_arrival_stonehenge_8_columns

Skill      XL: |  1  2 |
---------------+-------+-----
Fighting       | 1 3 |  3.0
Throwing       | |  1.0
Stealth        | |  1.0
Spellcasting   | |  2.4
Conjurations   | |  3.0
Summonings     | |  1.0
Translocations | |  1.0

Action                   || total
-------------------------++-------
Melee: Unarmed           ||    12
       Spear             ||    25
 Fire: Blowgun           ||    49
Armor: Robe              ||    14
Dodge: Dodged            ||    40

Table legend:
 A = Spawn XP
 B = Non-spawn XP
 C = Spawn XP percentage of total XP
 D = Spawn monster count
 E = Non-spawn monster count
 F = Spawn count percentage of total count
 G = Total turns spent on level
                    A         B        C        D         E        F      G
               +---------+---------+-------+---------+---------+-------+---------
         Total |       0 |      33 |   0.0 |       0 |      19 |   0.0 |  1081
               +---------+---------+-------+---------+---------+-------+---------
           D:1 |       0 |      23 |   0.0 |       0 |      13 |   0.0 |   782
           D:2 |       0 |      10 |   0.0 |       0 |       6 |   0.0 |   299
               +---------+---------+-------+---------+---------+-------+---------

Table legend:
 A = Turns spent in this place as a percentage of turns spent in the entire game.
 B = Non-inter-level travel turns spent in this place as a percentage of non-inter-level travel turns spent in the entire game.
 C = Inter-level travel turns spent in this place as a percentage of turns spent in this place.
 D = Turns resting spent in this place as a percentage of non-inter-level travel turns spent in this place.
 E = Turns spent auto-exploring this place as a percentage of non-inter-level travel turns spent in this place.
 F = Non-inter-level travel turns spent in this place divided by the number of levels of this place that you've seen.
                   A       B       C       D       E      F
               +-------+-------+-------+-------+-------+----------------------
         Total | 100.0 | 100.0 |   2.6 |  29.2 |  34.4 | 526.5
       Dungeon | 100.0 | 100.0 |   2.6 |  29.2 |  34.4 | 526.5
               +-------+-------+-------+-------+-------+----------------------

Vault maps used:
D:1:      dpeg_arrival_stonehenge_8_columns
